Map: Pureza e industria EE

Players

landrose

  • Race: Protoss Protoss
  • Spawn Location: 12:00

MrFercho - Winner!

  • Race: Zerg Zerg
  • League: Silver
  • Spawn Location: 3:00

VOD

Have the link to the VOD?

Description

Time

  • Played on: May 26, 2020, 10:17 p.m.
  • Length: 12:47
Show
View Real Time Build Order
Export as new Build Order

landrose Protoss 

Build Orders:  

Get SALT Encoding   

  12  0:01  Probe  
  13  0:26  Probe  
  14  0:32  Pylon  
  14  0:38  Probe (Chrono Boost)  
  14  0:40  Pylon  
  15  0:52  Probe (Chrono Boost)  
  16  0:57  Probe (Chrono Boost)  
  16  0:59  Gateway  
  17  1:05  Assimilator  
  17  1:10  Probe (Chrono Boost)  
  18  1:21  Probe (Chrono Boost)  
  18  1:23  Forge  
  19  1:57  Cybernetics Core  
  19  2:02  Nexus  
  19  2:10  Probe (Chrono Boost)  
  20  2:20  Probe (Chrono Boost)  
  21  2:24  Assimilator  
  21  2:25  Probe (Chrono Boost)  
  22  2:41  Pylon  
  22  2:48  Nexus  
  22  2:59  Photon Cannon  
  22  3:13  Probe (Chrono Boost)  
  23  3:23  Probe (Chrono Boost)  
  24  3:28  Protoss Air Weapons Level 1 (Chrono Boost)  
  24  3:30  Stargate  
  24  3:37  Assimilator  
  24  3:41  Probe  
  25  3:53  Probe  
  26  4:05  Probe  
  27  4:14  Void Ray  
  31  4:17  Probe  
  32  4:28  Stargate  
  32  4:29  Probe  
  33  4:40  Probe (Chrono Boost)  
  35  4:47  Probe (Chrono Boost)  
  35  4:48  Assimilator  
  35  4:50  Assimilator, Probe (Chrono Boost)  
  36  4:54  Probe (Chrono Boost)  
  38  5:00  Probe (Chrono Boost)  
  38  5:04  Probe (Chrono Boost)  
  40  5:08  Probe (Chrono Boost)  
  40  5:09  Fleet Beacon, Probe (Chrono Boost)  
  41  5:15  Void Ray  
  41  5:19  Probe  
  41  5:20  Probe  
  47  5:31  Probe  
  47  5:32  Probe  
  47  5:33  Void Ray  
  53  5:50  Probe (Chrono Boost)  
  54  6:00  Photon Cannon, Probe (Chrono Boost)  
  55  6:05  Probe (Chrono Boost)  
  56  6:13  Pylon  
  56  6:16  Probe  
  57  6:28  Probe  
  57  6:30  Void Ray  
  57  6:31  Carrier  
  68  6:39  Stargate  
  68  6:40  Probe  
  68  6:43  Pylon  
  69  6:53  Probe  
  70  7:04  Probe (Chrono Boost)  
  72  7:10  Probe (Chrono Boost)  
  72  7:14  Adept, Protoss Air Weapons Level 2 (Chrono Boost), Probe (Chrono Boost)  
  75  7:19  Probe (Chrono Boost)  
  76  7:26  Gateway  
  76  7:29  Gateway  
  72  7:30  Probe  
  72  7:31  Gateway  
  65  7:42  Probe  
  66  7:44  Adept  
  66  7:50  Carrier  
  74  7:57  Probe (Chrono Boost)  
  75  8:07  Probe (Chrono Boost)  
  75  8:12  Probe (Chrono Boost)  
  77  8:29  Adept x2  
  81  8:53  Probe  
  82  9:20  Warp Gate (Chrono Boost)  
  82  9:23  Pylon  
  82  9:33  Protoss Shields Level 1 (Chrono Boost)  
  71  10:15  Adept  
  71  10:16  Adept  
  71  10:21  Adept x2  
  55  10:36  Stargate  
  55  10:38  Stargate  
  55  10:40  Stargate  
  55  11:11  Pylon, Nexus  
  55  11:21  Robotics Facility  
  55  11:25  Robotics Facility  
  55  11:28  Robotics Facility  
  55  11:29  Adept x3, Probe  
  55  11:32  Robotics Facility  
  62  11:35  Robotics Facility  
  62  11:40  Pylon  
  62  11:43  Pylon  
  62  11:46  Pylon  
  62  11:57  Adept  
  62  11:58  Adept  
  62  11:59  Adept x2  
Show
View Real Time Build Order
Export as new Build Order

MrFercho Zerg - Winner!

Build Orders: Pool First 

Get SALT Encoding   

  12  0:01  Drone  
  13  0:27  Spawning Pool  
  12  0:53  Hatchery  
  11  1:12  Drone  
  11  1:13  Drone x2  
  14  1:19  Extractor  
  13  1:29  Overlord  
  13  1:45  Drone  
  14  1:48  Drone  
  15  1:56  Queen  
  17  2:05  Zergling x2  
  18  2:21  Drone x2  
  20  2:25  Drone x2  
  20  2:28  Drone  
  23  2:37  Drone  
  23  2:42  Drone  
  23  2:43  Queen  
  27  2:53  Baneling Nest  
  27  2:56  Evolution Chamber  
  25  3:04  Drone x3  
  28  3:08  Overlord x2  
  28  3:12  Overlord  
  28  3:30  Drone x2  
  28  3:31  Drone  
  31  3:41  Extractor  
  31  3:44  Lair  
  30  3:49  Metabolic Boost  
  30  3:55  Extractor, Drone  
  29  3:56  Drone x2  
  32  4:18  Hatchery  
  31  4:24  Hatchery  
  30  4:34  Spore Crawler  
  30  4:35  Spore Crawler  
  28  4:40  Zergling x8  
  28  4:45  Drone x5  
  37  5:01  Hydralisk Den  
  37  5:02  Zerg Missile Weapons Level 1  
  36  5:31  Baneling  
  36  5:32  Baneling x6  
  36  5:56  Hydralisk x2  
  38  5:57  Hydralisk  
  38  6:21  Drone  
  38  6:22  Drone x5  
  43  6:29  Hydralisk x3  
  49  6:46  Extractor, Drone x2  
  50  7:00  Hydralisk x5  
  60  7:12  Evolution Chamber  
  60  7:13  Grooved Spines  
  53  7:51  Hydralisk  
  53  7:52  Hydralisk x4  
  53  7:55  Overlord x2  
  53  7:56  Overlord x3  
  63  8:00  Overseer  
  63  8:04  Drone  
  64  8:15  Drone x4  
  68  8:20  Hydralisk x5  
  78  8:32  Muscular Augments  
  78  8:42  Drone x3  
  81  8:57  Hatchery  
  80  9:03  Drone  
  80  9:07  Hydralisk  
  80  9:08  Hydralisk x8  
  99  9:11  Overlord  
  99  9:12  Extractor x2  
  85  10:25  Hydralisk x8  
  85  10:26  Hydralisk  
  103  10:35  Zerg Ground Armor Level 1  
  103  10:57  Queen  
  103  11:00  Drone x3  
  108  11:05  Drone x4  
  112  11:40  Hydralisk  
  112  11:41  Hydralisk x2  
  112  11:42  Overlord x4  
  112  11:43  Overlord x2  
Tags
 
League
Silver
Matchup
PvZ
Opening
Pool First
Replay Pack
MrFercho
Spawn Locations
Close Positions
Add a new tag
Caveats
  • Supply blocks, unpowered buildings, or Contaminate may cause inaccurate times.
  • Supply counts are checked every 10 seconds.